 Dungeon Crawl Stone Soup version 0.31-a0-441-g867994ef1c (webtiles) character file.

Game seed: 7417070364431263087

522 redmage the Digger (level 7, 0/75 HPs)
             Began as a Meteoran Earth Elementalist on Aug 2, 2023.
             Was an Initiate of Sif Muna.
             Slain by a hornet (7 damage)
             ... on level 8 of the Dungeon.
             The game lasted 00:14:56 (732 turns).

redmage the Digger (Meteoran Earth Elementalist)     Turns: 732, Time: 00:14:57

Health: 0/75       AC: 23    Str:  9    XL:     7   Next: 75%
Magic:  3/14       EV:  2    Int: 25    God:    Sif Muna [......]
Gold:   122        SH:  0    Dex: 15    Spells: 4/14 levels left

rFire   . . .        (no weapon)
rCold   . . .        (no shield)
rNeg    . . .        a - melded +0 robe
rPois   +            h - melded +0 helmet
rElec   .            (cloak currently unavailable)
rCorr   .            i - melded +1 pair of gloves
SInv    .            (boots currently unavailable)
Will    .....        (no amulet)
Stlth   +            c - +6 ring of intelligence
HPRegen 0.32/turn    (no ring)
MPRegen 0.14/turn

%: no passive effects
@: brilliant, lethally poisoned (0 -> -8), tree-form, glowing, invisible (but
backlit and visible)
A: stationary, stasis, torment immunity, boosted hp, sense surroundings 1,
otherworldly, glowing, explore regen
a: Renounce Religion


You were on level 8 of the Dungeon.
You worshipped Sif Muna.
Sif Muna was noncommittal.
You were a tree.
You visited 2 branches of the dungeon, and saw 9 of its levels.

You collected 122 gold pieces.

Inventory:

Missiles
 q - a curare-tipped dart
Armour
 a - a +0 robe (melded)
 h - a +0 helmet (melded)
 i - a +1 pair of gloves (melded)
Jewellery
 c - a +6 ring of intelligence (left branch)
Talismans
 f - a maw talisman
Wands
 e - a wand of flame (35)
 l - a wand of iceblast (5)
Scrolls
 g - a scroll of poison
 j - a scroll of revelation
 k - a scroll of vulnerability
Potions
 b - a potion of magic


   Skills:
 - Level 2.4 Dodging
 - Level 1.4 Stealth
 - Level 4.1 Spellcasting
 * Level 3.5 Conjurations
 - Level 2.0 Transmutations
 * Level 7.0 Earth Magic
 + Level 3.0 Shapeshifting


You had 4 spell levels left.
You knew the following spells:

 Your Spells              Type           Power      Damage    Failure   Level
a - Sandblast             Erth           100%       2d20      1%          1
b - Passwall              Tmut/Erth      34%        N/A       2%          2
c - Stone Arrow           Conj/Erth      94%        3d12      3%          3
d - Petrify               Tmut/Erth      41%        N/A       14%         4

Your spell library contained the following spells:

 Spells                   Type           Power      Damage    Failure   Level


Dungeon Overview and Level Annotations

Branches:
Dungeon (8/15) Zot: 4079   Temple (1/1) D:4 Zot: 548
   Lair: D:8-11

Altars:
Ashenzari
Dithmenos
Elyvilon
Gozag
Hepliaklqana
Nemelex Xobeh
Qazlal
Ru
Sif Muna
Trog
Uskayaw
Vehumet
Xom
Yredelemnul
Zin

Shops:
D:6 =:

Annotations:
D:3 1 transporter
D:4 3 runed translucent doors, rocky1's ghost, amateur GrEE


Innate Abilities, Weirdness & Mutations

You are a tree.
Your roots penetrate the ground, keeping you stationary.
You cannot be teleported.
You are immune to unholy pain and torment.
Your maximum health is greatly increased.
Your equipment is partially melded.
You passively map a small area around you.
You are easily found by Zot.
You glow in the dark.
You regain HP and MP as you explore.


Message History

It was a potion of brilliance.
You feel clever all of a sudden.
You feel yourself speed up.
You feel sick.
The hornet stings you but does no damage. x2
The howler monkey hoots and howls with incredible vigour! x2
The kobold hits you but does no damage. x4; The kobold hits you with a +0 club.
* * * LOW HITPOINT WARNING * * *
The kobold brigand hits you but does no damage.
The hornet stings you but does no damage.
The howler monkey hits you but does no damage.
You hear a shout!
Unknown command.
Unknown command.
It was a potion of heal wounds.
You feel much better.
You feel sick.
You are no longer poisoned.
The hornet stings you.
* * * LOW HITPOINT WARNING * * *
You are poisoned.
The kobold hits you but does no damage. The kobold hits you with a +3 dagger.
* * * LOW HITPOINT WARNING * * *
The kobold hits you but does no damage. x3
The kobold brigand hits you with a +0 short sword.
* * * LOW HITPOINT WARNING * * *
The howler monkey hits you but does no damage.
Unknown command.
Unknown command.
Unknown command.
Unknown command.
It was a potion of invisibility.
You become transparent, but the glow from your body prevents you from becoming completely invisible.
* * * LOW HITPOINT WARNING * * *
You feel very sick.
The hornet stings you but does no damage.
The kobold barely misses you.
The kobold hits you but does no damage. x2
The kobold barely misses you. The kobold hits you but does no damage.
The kobold brigand hits you but does no damage.
The howler monkey hits you.
* * * LOW HITPOINT WARNING * * *
The hornet stings you!
You die...

* ........ ,
*
......#####*
..>........
** ........#
, *#....!..#
*, #KK.....#
#KKK....# *
#K♣K....# *
#yhK....# *
#h####....
#. * ... *
#., . , #. *
* #., , #. *


You could see a hornet, a kobold brigand, 2 howler monkeys and 7 kobolds.

Vanquished Creatures
  A water moccasin (D:7)
  A kobold brigand (D:7)
  2 scorpions
  2 jellies (D:7)
  An orc priest (D:4)
  2 iguanas (D:4)
  An orc wizard (D:4)
  3 adders
  2 shadow imps
  4 worms
  4 orcs
  2 ball pythons (D:2)
  2 endoplasms
  3 goblins (D:4)
  3 hobgoblins (D:4)
  A bat (D:2)
  A frilled lizard (D:3)
  8 kobolds
  A rat (D:2)
44 creatures vanquished.

Notes
Turn   | Place    | Note
-------+----------+-------------------------------------------
     0 | D:1      | redmage the Meteoran Earth Elementalist began the quest for
                  | the Orb.
     0 | D:1      | Reached XP level 1. HP: 14/14 MP: 5/5
    58 | D:2      | Reached XP level 2. HP: 20/20 MP: 3/6
    74 | D:2      | Reached skill level 4 in Earth Magic
    77 | D:2      | Learned a level 2 spell: Passwall
   113 | D:3      | Reached XP level 3. HP: 26/26 MP: 0/8
   168 | D:3      | Found a transporter.
   172 | D:4      | Noticed a scorpion
   180 | D:4      | Killed a scorpion
   181 | D:4      | Reached skill level 5 in Earth Magic
   181 | D:4      | Reached skill level 1 in Shapeshifting
   181 | D:4      | Reached XP level 4. HP: 16/33 MP: 3/10
   195 | D:4      | Found a shimmering altar of Xom.
   198 | D:4      | Reached XP level 5. HP: 27/38 MP: 7/11
   250 | D:4      | Reached XP level 6. HP: 3/45 MP: 2/13
   257 | D:4      | Learned a level 3 spell: Stone Arrow
   263 | D:5      | Entered Level 5 of the Dungeon
   272 | D:4      | Found a staircase to the Ecumenical Temple.
   280 | Temple   | Entered the Ecumenical Temple
   303 | Temple   | Became a worshipper of Sif Muna the Loreminder
   335 | D:4      | Reached skill level 1 in Conjurations
   335 | D:4      | Reached skill level 6 in Earth Magic
   350 | D:4      | Found a runed translucent gate.
   350 | D:4      | Found a runed translucent gate.
   352 | D:4      | Found a runed translucent gate.
   353 | D:4      | Noticed rocky1's ghost (amateur GrEE)
   449 | D:6      | Found Ruulagg's Book Emporium.
   457 | D:6      | Found Cadit's Jewellery Shoppe.
   501 | D:6      | Learned a level 4 spell: Petrify
   609 | D:7      | Reached XP level 7. HP: 50/50 MP: 4/14
   653 | D:7      | Noticed a water moccasin
   656 | D:7      | Killed a water moccasin
   664 | D:7      | Reached skill level 7 in Earth Magic
   723 | D:8      | Noticed a hornet
   723 | D:8      | Paralysed by a hornet for 2 turns
   730 | D:8      | HP: 3/75 [poisoned by a hornet]
   732 | D:8      | Slain by a hornet

Illustrated notes

Levels and vault maps discovered:
D:1:      minmay_arrival_up_and_down, layout_rooms, st_stairs_2,
          minmay_misc_feat_room
D:2:      layout_basic, minmay_tetromino_l4
D:3:      kb_forest_paths, layout_basic, gammafunk_temple_overflow_arena,
          tgw_kikubaaqudgha, serial_shops, nicolae_shop_tiny_waterfront,
          minmay_misc_feat_chi
D:4:      layout_loops_ring, xom_confusion_cloud, slow_altar_2,
          minmay_temple_entry_statues_fountains, gammafunk_ghost_split
D:5:      layout_basic, hangedman_abyss_or_decor_jellyfish_corner,
          minmay_hedge_maze, minmay_manual_mullet, uniq_crazy_yiuf_cottage,
          uniq_eustachio
D:6:      lemuel_slime, layout_basic, okawaru_ov_weapons_minmay, serial_shops,
          nicolae_shop_back_alley_shop, shop, nicolae_book_shop_shelving
D:7:      layout_cave_pools, hellmonk_no_cap
D:8:      layout_basic, ebering_ghost_reflecting_pool
Temple:   minmay_temple_curvy_branch

Skill      XL: |  1  2  3  4  5  6  7 |
---------------+----------------------+-----
Earth Magic    | 4 5 6 7 |  7.0
Spellcasting   | 3 4 |  4.1
Transmutations | 2 |  2.0
Shapeshifting  | 1 2 3 |  3.0
Conjurations   | 2 3 |  3.5
Dodging        | |  2.4
Stealth        | |  1.4

Action                     |  1- 3 |  4- 6 |  7- 9 || total
---------------------------+-------+-------+-------++-------
   Cast: Sandblast         |    27 |    27 |     9 ||    63
         Stone Arrow       |       |     6 |     8 ||    14
         Passwall          |       |     2 |       ||     2
  Evoke: Wand              |     2 |     1 |     1 ||     4
    Use: Scroll            |       |     3 |     3 ||     6
         Potion            |       |       |     4 ||     4
 Armour: Robe              |       |     2 |     4 ||     6
         Skin              |       |       |    50 ||    50
  Dodge: Dodged            |     8 |     2 |     7 ||    17

Table legend: (Time is in decaauts)
 A = Elapsed time spent in this place.
 B = Non-inter-level travel time spent in this place.
 C = Inter-level travel time spent in this place.
 D = Time resting spent in this place.
 E = Time spent auto-exploring this place.
 F = Levels seen in this place.
 G = Mean time per level.
                   A        B        C        D        E       F      G
               +--------+--------+--------+--------+--------+-----+--------+
         Total |    771 |    588 |    183 |      0 |      0 |   9 |   85.7 |
       Dungeon |    720 |    580 |    140 |      0 |      0 |   8 |   90.0 |
        Temple |     51 |      8 |     43 |      0 |      0 |   1 |   51.0 |
               +--------+--------+--------+--------+--------+-----+--------+

Top non-repeatable levels by time:
     D:4: 174 daAuts
     D:7: 154 daAuts
     D:6: 104 daAuts
     D:3: 92 daAuts
     D:2: 72 daAuts
     D:5: 65 daAuts
  Temple: 51 daAuts
     D:8: 39 daAuts
     D:1: 17 daAuts
